 Dungeon Crawl Stone Soup version 0.20.1-1-g8b1a95d (webtiles) character file.

86 vishdafish the Sneak (level 4, -3/31 HPs)
             Began as a Vampire Enchanter on July 15, 2017.
             Slain by a gnoll
             ... wielding a +0 spear
              (8 damage)
             ... on level 2 of the Dungeon.
             The game lasted 00:05:17 (3179 turns).

vishdafish the Sneak (Vampire Enchanter)            Turns: 3179, Time: 00:05:18

Health: -3/31      AC:  4    Str:  7    XL:     4   Next: 27%
Magic:  7/7        EV: 13    Int: 18    God:
Gold:   108        SH:  0    Dex: 14    Spells: 4/7 levels left

rFire    . . .     SeeInvis +   i - +0 short sword
rCold    + + .     Gourm    .   (no shield)
rNeg     + + .     Faith    .   b - +0 robe
rPois    +         Spirit   .   (no helmet)
rElec    .         Reflect  .   o - +0 cloak
rCorr    .         Harm     .   (no gloves)
MR       .....                  j - +0 pair of boots
Stlth    ++++......             (no amulet)
Regen    0.1/turn               k - ring of protection from cold
MPRegen  0.1/turn               (no ring)

@: regenerating slowly
A: fangs 3, see invisible, unbreathing
a: Bat Form


You were on level 2 of the Dungeon.
You were thirsty.

You visited 1 branch of the dungeon, and saw 3 of its levels.

You collected 108 gold pieces.

Inventory:

Hand Weapons
 a - a +1 dagger
 i - a +0 short sword (weapon)
Armour
 b - a +0 robe (worn)
 j - a +0 pair of boots (worn)
 o - a +0 cloak (worn)
Jewellery
 k - a ring of protection from cold (left hand)
Scrolls
 f - a scroll of blinking {unknown}
 h - 2 scrolls of teleportation
 m - a scroll of fog {unknown}
 p - 3 scrolls of immolation {unknown}
 t - a scroll of identify {unknown}
Potions
 d - 2 potions of blood
 e - a potion of lignification {unknown}
 g - 2 potions of brilliance {unknown}
 l - a potion of heal wounds {unknown}
 n - a potion of ambrosia {unknown}
 q - a potion of curing {unknown}
 r - a potion of berserk rage {unknown}
 s - a potion of mutation {unknown}
Books
 c - a book of Maledictions

   Spells                             Type                      Level
   a - Corona                         Hexes                        1
   b - Ensorcelled Hibernation        Hexes/Ice                    2
   c - Confuse                        Hexes                        3
   d - Tukima's Dance                 Hexes                        3
   e - Dazzling Spray                 Conjuration/Hexes            3


   Skills:
 + Level 0.3 Fighting
 * Level 2.2 Short Blades
 + Level 2.5 Dodging
 * Level 6.2 Stealth
 - Level 2.0 Spellcasting
 + Level 5.1 Hexes


You had 4 spell levels left.
You knew the following spells:

 Your Spells              Type           Power        Failure   Level  Hunger
a - Corona                Hex            ###....      2%          1    #......
b - Ensorcelled Hibernat  Hex/Ice        ##....       10%         2    ###....


Dungeon Overview and Level Annotations

Branches:
Dungeon (3/15)

Altars:
Vehumet
Yredelemnul


Innate Abilities, Weirdness & Mutations

You heal slowly.
You have razor-sharp teeth.
You have supernaturally acute eyesight. (SInv)
You can survive without breathing.


Message History

You kill the gnoll!
You start resting.
Magic restored.
You start resting.
You feel devoid of blood!
Yummy - fresh blood!
You are feeling very thirsty.
You start resting.
You feel almost devoid of blood!
You start resting.
HP restored.
Yummy - fresh blood!
You are feeling thirsty.
You climb upwards.
The gnoll hits you with a spear! The gnoll hits you with a halberd!
Ouch! That really hurt!
* * * LOW HITPOINT WARNING * * *
There is a stone staircase leading down here.
The gnoll hits you from afar with a spear!
You die...

.....##........### #.............
......#.......## ##..........>.
..............########...........
...#.#.................###..#.#.#
####............######..#.....#..
##...........%.#####....#รท...##
#.....).........#.........##.##
#...............#..##......#.##
#.............@.g..##...##.....
#.............>.#..##.####.#.#.
#.............gg#.###.# #.#..#
##........%....#......# #.##.#
#............#..#....####.#...
##.####...##.(....##........##
#..###...##...............###
##.##..#.....########..#..###
#####...........(# ##..#...#


You could see 3 gnolls.

Vanquished Creatures
  A gnoll (D:3)
  2 adders
  An ooze (D:1)
  2 worms (D:2)
  A dart slug (D:1)
  2 leopard geckos
  5 bats
  A giant cockroach (D:2)
  4 goblins
  4 hobgoblins
  4 jackals (D:2)
  A quokka (D:2)
  5 frilled lizards
  6 kobolds
  6 rats
  A spectral orc (D:2)
46 creatures vanquished.

Notes
Turn   | Place    | Note
-------+----------+-------------------------------------------
     0 | D:1      | vishdafish the Vampire Enchanter began the quest for the Orb.
     0 | D:1      | Reached XP level 1. HP: 13/13 MP: 3/3
    36 | D:1      | Reached XP level 2. HP: 9/19 MP: 5/5
   712 | D:1      | Reached skill level 5 in Stealth
   837 | D:1      | Reached skill level 5 in Hexes
   881 | D:1      | Reached XP level 3. HP: 15/24 MP: 6/6
   996 | D:1      | Learned a level 2 spell: Ensorcelled Hibernation
  1364 | D:2      | Found a radiant altar of Vehumet.
  1495 | D:2      | Found a faded altar of an unknown god.
  1870 | D:2      | Reached skill level 6 in Stealth
  1870 | D:2      | Reached XP level 4. HP: 22/30 MP: 7/7
  2660 | D:2      | Found a basalt altar of Yredelemnul.
  3179 | D:2      | Slain by a gnoll

Skill      XL: |  1  2  3 |
---------------+----------+-----
Stealth        | 5 6 |  6.2
Hexes          | 5 |  5.1
Short Blades   | 2 |  2.2
Fighting       | |  0.3
Dodging        | |  2.5
Spellcasting   | |  2.0

Action                   |  1- 3 |  4- 6 || total
-------------------------+-------+-------++-------
Melee: Dagger            |    41 |       ||    41
       Bite              |    11 |     3 ||    14
       Short sword       |    90 |    53 ||   143
 Cast: Ensorcelled Hiber |     5 |     1 ||     6
  Use: Potion            |     1 |     3 ||     4
       Scroll            |     1 |       ||     1
 Stab: Sleeping          |    11 |     2 ||    13
       Distracted        |       |     1 ||     1
Armor: Robe              |    23 |    18 ||    41
Dodge: Dodged            |    91 |    46 ||   137
